Map: Catallena LE (Void)

Players

ELConejo - Winner!

  • Race: Terran Terran
  • League: Gold
  • Spawn Location: 5:00

Juxtapose

  • Race: Protoss Protoss
  • League: Silver
  • Spawn Location: 9:00

VOD

https://youtu.be/4X1EBf8lt58

Description

I've been placed back into Silver League, Tier 3 this time, which is fine by me.

This was a fun match, though I wasn't prepared for that drop a bit later into the match.

Time

  • Played on: July 23, 2017, 1:53 p.m.
  • Length: 14:09
Show
View Real Time Build Order
Export as new Build Order

ELConejo Terran - Winner!

Build Orders: MMM Bio 

Get SALT Encoding   

  12  0:02  SCV  
  14  0:14  SCV  
  14  0:19  Supply Depot  
  14  0:28  SCV  
  15  0:40  SCV  
  16  0:44  Barracks  
  16  0:49  Refinery  
  16  0:52  SCV  
  17  1:04  SCV  
  18  1:17  SCV  
  19  1:22  Supply Depot  
  19  1:33  Marine  
  19  1:38  SCV  
  21  1:50  SCV  
  21  1:54  Marine  
  23  2:02  SCV  
  23  2:06  Refinery  
  24  2:13  Factory  
  24  2:21  Supply Depot  
  24  2:27  Orbital Command  
  24  2:30  Barracks Tech Lab  
  24  2:51  Barracks  
  24  2:55  Supply Depot  
  24  3:03  Marauder  
  26  3:05  Widow Mine  
  26  3:06  Command Center  
  28  3:24  Marine  
  29  3:27  Starport  
  29  3:35  Factory Tech Lab  
  29  3:42  Marine  
  30  3:52  Barracks  
  30  3:53  Marine  
  31  4:00  Marine  
  31  4:02  Siege Tank  
  35  4:11  Marine  
  36  4:18  SCV  
  36  4:21  Orbital Command  
  37  4:30  SCV  
  38  4:42  Siege Tank  
  38  4:45  Marine x3  
  43  4:50  Supply Depot  
  44  4:55  Orbital Command  
  44  5:11  Marine x2  
  48  5:15  SCV  
  48  5:18  Liberator  
  48  5:21  SCV  
  50  5:27  SCV  
  51  5:32  Barracks Reactor x2  
  51  5:33  SCV  
  53  5:39  SCV  
  53  5:40  Stimpack  
  54  5:45  SCV  
  54  5:48  Engineering Bay  
  54  5:49  Engineering Bay  
  55  5:50  Marine  
  55  5:52  SCV  
  57  5:57  SCV  
  57  6:00  Supply Depot x2  
  57  6:04  Barracks  
  58  6:06  Siege Tank  
  58  6:07  Barracks  
  58  6:08  Marine  
  62  6:15  Refinery  
  62  6:21  SCV  
  63  6:25  Marine  
  63  6:27  Marine x3  
  67  6:37  Terran Infantry Weapons Level 1  
  67  6:42  SCV x2  
  67  6:43  Marine  
  70  6:49  Supply Depot  
  70  6:52  Supply Depot  
  70  6:54  Missile Turret, SCV  
  70  6:56  Missile Turret  
  71  7:01  Marine  
  71  7:05  Missile Turret  
  71  7:06  Barracks Reactor x2  
  71  7:07  Starport Reactor  
  72  7:37  Marine x5  
  72  7:41  Concussive Shells  
  77  7:54  Marine  
  77  7:55  Marine  
  79  8:01  Marine  
  79  8:02  Marine x4  
  84  8:09  Marine  
  84  8:10  Marine  
  84  8:12  Marine, SCV x2  
  89  8:23  Combat Shields  
  89  8:24  SCV  
  89  8:26  Marine x4  
  90  8:27  Marine  
  92  8:34  Medivac  
  92  8:38  Terran Infantry Armor Level 1  
  94  8:41  Supply Depot  
  94  8:42  Supply Depot x2  
  94  8:43  Supply Depot  
  93  8:49  Medivac  
  94  9:03  Siege Tank  
  94  9:05  Marauder, Marine x4  
  94  9:06  Marine x2  
  94  9:09  Medivac  
  107  9:10  Marine  
  107  9:11  Marine  
  109  9:19  Medivac  
  96  9:28  Marine x2  
  71  9:35  Siege Tank  
  66  9:39  Marine  
  66  9:40  Marine x5  
  72  9:56  Supply Depot  
  72  9:57  Supply Depot  
  72  9:59  Supply Depot, Marine x2  
  72  10:00  Marine x7  
  79  10:07  Siege Tank  
  80  10:17  Marine x3  
  83  10:21  Marine x2  
  83  10:22  Marauder, Liberator x2, Marine x3  
  83  10:25  Sensor Tower  
  90  10:30  Refinery  
  90  10:39  Siege Tank  
  99  10:44  Marauder  
  101  11:15  Armory  
  101  11:23  Command Center  
  101  11:46  Armory  
  101  12:16  Marine x3  
  101  12:17  Marine x4  
  108  12:33  Marine x2  
  108  12:34  Marine  
  108  12:36  Siege Tank  
  114  12:58  Marine  
  114  12:59  Marine x4  
  119  13:08  Siege Tank  
  120  13:17  Marine x2  
  120  13:18  Marine x6  
  111  13:38  Marine x2  
  111  13:39  Marine  
  108  13:45  Marine x3  
Show
View Real Time Build Order
Export as new Build Order

Juxtapose Protoss 

Build Orders:  

Get SALT Encoding   

  12  0:01  Probe (Chrono Boost)  
  13  0:12  Probe (Chrono Boost)  
  14  0:23  Pylon  
  14  0:25  Probe (Chrono Boost)  
  15  0:41  Probe (Chrono Boost)  
  16  0:43  Gateway  
  16  0:51  Probe (Chrono Boost)  
  16  0:55  Pylon  
  17  1:02  Probe (Chrono Boost)  
  17  1:03  Assimilator  
  18  1:12  Probe (Chrono Boost)  
  19  1:23  Probe (Chrono Boost)  
  20  1:33  Probe (Chrono Boost)  
  20  1:37  Cybernetics Core  
  21  1:43  Pylon  
  21  1:48  Zealot  
  21  1:49  Assimilator  
  21  1:53  Probe (Chrono Boost)  
  24  2:01  Pylon  
  24  2:04  Probe (Chrono Boost)  
  25  2:15  Probe (Chrono Boost)  
  26  2:22  Zealot  
  28  2:32  Mothership Core (Chrono Boost)  
  29  2:45  Forge  
  29  2:49  Adept  
  31  3:11  Robotics Facility  
  31  3:22  Twilight Council  
  31  3:32  Warp Gate  
  31  3:37  Photon Cannon  
  31  3:44  Adept  
  33  3:52  Gateway x2  
  33  3:55  Protoss Ground Weapons Level 1  
  33  4:30  Nexus  
  33  4:32  Pylon  
  33  4:34  Pylon  
  33  4:45  Immortal  
  37  4:48  Sentry  
  39  4:54  Resonating Glaives (Chrono Boost)  
  39  5:01  Stalker  
  41  5:24  Observer  
  42  5:40  Pylon  
  42  5:46  Gateway  
  42  5:47  Immortal  
  46  5:52  Probe  
  47  6:03  Probe  
  47  6:08  Adept  
  47  6:09  Adept x2  
  54  6:13  Probe x2  
  56  6:19  Pylon  
  56  6:24  Probe  
  56  6:25  Probe  
  57  6:29  Protoss Ground Armor Level 1  
  58  6:34  Probe  
  59  6:41  Probe  
  59  6:45  Probe  
  61  6:47  Assimilator  
  61  6:49  Assimilator  
  61  6:51  Stalker x2  
  61  6:53  Probe  
  66  7:00  Warp Prism  
  68  7:05  Probe x2  
  70  7:16  Probe  
  71  7:23  Photon Cannon  
  71  7:38  Observer  
  67  7:48  Probe  
  67  7:58  Zealot, Adept  
  69  7:59  Probe  
  69  8:00  Stalker x2  
  69  8:17  Probe  
  66  8:23  Zealot x3  
  66  8:24  Zealot  
  74  8:29  Probe  
  75  8:34  Protoss Ground Weapons Level 2  
  75  8:41  Probe  
  74  8:53  Probe  
  73  8:56  Zealot x2  
  73  8:57  Zealot x2  
  81  9:10  Immortal  
  75  9:28  Adept x3  
  65  9:42  Probe  
  66  9:46  Probe  
  67  9:53  Probe  
  67  9:58  Probe  
  69  10:10  Probe  
  58  10:22  Probe  
  59  10:35  Nexus  
  59  10:37  Pylon  
  59  10:38  Pylon  
  59  10:41  Robotics Bay  
  59  10:50  Protoss Ground Armor Level 2  
  59  10:53  Gateway  
  59  11:07  Sentry  
  59  11:08  Sentry, Adept  
  59  11:09  Stalker  
  67  11:21  Observer  
  68  11:28  Robotics Facility  
  68  11:32  Extended Thermal Lance  
  68  11:43  Observer  
  68  11:44  Stargate  
  69  11:51  Probe  
  70  11:56  Probe  
  70  11:58  Probe  
  72  12:02  Probe  
  72  12:06  Assimilator  
  72  12:08  Assimilator  
  73  12:11  Pylon  
  73  12:12  Probe  
  74  12:24  Colossus  
  80  12:31  Probe  
  80  12:33  Photon Cannon  
  81  12:42  Probe  
  85  12:52  Probe  
  81  13:03  Probe  
  81  13:05  Zealot x5  
  63  13:25  Zealot  
  63  13:26  Zealot x3  
  47  13:27  Zealot  
  39  13:38  Mothership Core  
  37  13:48  Stalker  
Tags
 
Composition
MMM Bio
Matchup
PvT
Spawn Locations
Cross Positions
Add a new tag
Caveats
  • Supply blocks, unpowered buildings, or Contaminate may cause inaccurate times.
  • Supply counts are checked every 10 seconds.